 Dungeon Crawl Stone Soup version 0.17-a0-1650-gce8475a (webtiles) character file.

454 kae the Conjurer (level 7, -1/36 HPs)
             Began as a Tengu Fire Elementalist on Aug 13, 2015.
             Killed by nerve-wracking pain
             ... invoked by an orc priest
              (2 damage)
             ... on level 4 of the Dungeon.
             The game lasted 00:05:12 (4160 turns).

kae the Conjurer (Tengu Fire Elementalist)          Turns: 4160, Time: 00:05:12

Health: -1/36      AC:  2    Str:  8    XL:     7   Next: 5%
Magic:  9/13       EV: 12    Int: 17    God:
Gold:   192        SH:  0    Dex: 15    Spells: 3 memorised, 7 levels left

rFire  . . .     SeeInvis .     l - +0 dagger (venom)
rCold  + . .     Clarity  .     a - +0 robe
rNeg   . . .     SustAt   .     (no shield)
rPois  .         Gourm    .     (helmet restricted)
rElec  .         Spirit   .     (no cloak)
rCorr  .         Warding  .     (no gloves)
rMut   .         Stasis   .     (boots unavailable)
MR     .....                    (no amulet)
Stlth  ++........               p - +4 ring of slaying
                                e - ring of protection from cold

@: not resistant to hostile enchantments, unstealthy
A: beak, talons 3, able to fly 1
a: Fly


You were on level 4 of the Dungeon.
You were not hungry.

You visited 1 branch of the dungeon, and saw 4 of its levels.

You collected 192 gold pieces.

Inventory:

Hand weapons
 l - a +0 dagger of venom (weapon)
 s - a +3 flail
 u - a +0 trident
Armour
 a - a +0 robe (worn)
Jewellery
 e - a ring of protection from cold (left hand)
 p - a +4 ring of slaying (right hand)
Scrolls
 d - 3 scrolls of noise {unknown}
 f - 2 scrolls of fear {unknown}
 g - 5 scrolls of teleportation {unknown}
 i - a scroll of magic mapping {unknown}
 m - a scroll of amnesia {unknown}
 n - 2 scrolls of remove curse {unknown}
 o - a scroll of fog {unknown}
 r - a scroll of enchant weapon {unknown}
Potions
 h - a potion of flight {unknown}
 j - a potion of curing {unknown}
 k - a potion of degeneration {unknown}
Books
 b - a book of Flames

   Spells                             Type                      Level
   a - Flame Tongue                   Conjuration/Fire             1
   b - Throw Flame                    Conjuration/Fire             2
   c - Conjure Flame                  Conjuration/Fire             3
   d - Inner Flame                    Hexes/Fire                   3
   e - Sticky Flame                   Conjuration/Fire             4
   f - Fireball                       Conjuration/Fire             5
Comestibles
 c - 2 bread rations
 q - a beef jerky
 t - a meat ration


   Skills:
 - Level 2.1 Dodging
 - Level 2.0 Stealth
 + Level 3.5 Spellcasting
 * Level 5.9 Conjurations
 * Level 5.8 Fire Magic


You had 7 spell levels left.
You knew the following spells:

 Your Spells              Type           Power        Failure   Level  Hunger
a - Flame Tongue          Conj/Fire      ###..        1%          1    None
b - Throw Flame           Conj/Fire      ###...       2%          2    ##.....
c - Conjure Flame         Conj/Fire      ###.....     6%          3    ###....


Dungeon Overview and Level Annotations

Branches:
Dungeon (4/15)
 Temple: D:4-7

Altars:

Shops:
D:4 :


Innate Abilities, Weirdness & Mutations

You have a beak for a mouth.
You have claws for feet.
You can fly.


Message History

The flame tongue hits the orc wizard.
You kill the orc wizard!
You have reached level 7!
You closely miss the orc priest.
The orc priest hits you with a hand axe.
You hit the orc priest.
The orc priest is poisoned.
You claw the orc priest. You peck the orc priest.
The orc priest is almost dead.
The orc priest calls down the wrath of Beogh upon you.
Pain shoots through your body!
* * * LOW HITPOINT WARNING * * *
Casting: Flame Tongue
Confirm with . or Enter, or press ? or * to list all spells.
Aiming: Flame Tongue
Press: ? - help, Shift-Dir - straight line, f - orc priest
Aim: an orc priest, wielding a hand axe (almost dead, poisoned)
The flame tongue misses the orc priest.
The orc priest mumbles some strange prayers to Beogh against you.
Pain shoots through your body!
You die...

.......##..#
...........#
######.##.####
......#......#
.#####.##.##.# .#
#.##.##.# .# #.....#.#
.#####.##..#.###########
.##....##.......@o.....#
.##.######.#.#########.#
.##.######.#.#
.............#
...........###
###.######.# #.# ##.####
###.# #..<..# ....#
#.###.#


You could see an orc priest.

Vanquished Creatures
  Sigmund (D:4)
  5 orc wizards
  Jessica (D:3)
  A worker ant (D:4)
  A hound skeleton (D:4)
  An adder (D:3)
  An ooze (D:1)
  4 worms
  3 giant geckos
  13 orcs
  7 bats
  3 giant cockroaches (D:1)
  6 hobgoblins
  5 kobolds
  A quokka (D:2)
  12 goblins
  A jackal skeleton (D:4)
  5 rats
71 creatures vanquished.

Notes
Turn   | Place    | Note
--------------------------------------------------------------
     0 | D:1      | kae the Tengu Fire Elementalist began the quest for the Orb.
     0 | D:1      | Reached XP level 1. HP: 10/10 MP: 4/4
   178 | D:1      | Reached XP level 2. HP: 6/15 MP: 0/6
   743 | D:2      | Reached XP level 3. HP: 17/19 MP: 1/7
  1852 | D:3      | Reached skill level 4 in Fire Magic
  1874 | D:3      | Noticed Jessica
  1884 | D:3      | Killed Jessica
  1884 | D:3      | Reached XP level 4. HP: 10/24 MP: 6/8
  2718 | D:3      | Learned a level 2 spell: Throw Flame
  2722 | D:3      | Learned a level 3 spell: Conjure Flame
  2735 | D:3      | Gained mutation: You can fly. [Tengu growth]
  2735 | D:3      | Reached XP level 5. HP: 26/28 MP: 2/10
  3577 | D:4      | Reached skill level 5 in Fire Magic
  3588 | D:4      | Reached XP level 6. HP: 27/32 MP: 4/11
  3901 | D:4      | Found Vekkeul's Book Shoppe.
  4013 | D:4      | Noticed Sigmund
  4022 | D:4      | Killed Sigmund
  4022 | D:4      | Reached skill level 5 in Conjurations
  4157 | D:4      | Reached XP level 7. HP: 16/36 MP: 9/13
  4159 | D:4      | HP: 1/36 [orc priest/nerve-wracking pain (11)]
  4160 | D:4      | Killed from afar by an orc priest

Vault maps used:
D:1:      minmay_arrival_checkered_box, minmay_misc_feat_pillars
D:3:      first_bread, uniq_jessica
D:4:      serial_shops, kennysheep_little_box, uniq_sigmund

Action                   |  1- 3 |  4- 6 |  7- 9 || total
-------------------------+-------+-------+-------++-------
Melee: Unarmed           |    42 |       |       ||    42
       Dagger            |     6 |    58 |     2 ||    66
 Cast: Flame Tongue      |    66 |    39 |     2 ||   107
       Throw Flame       |       |     1 |       ||     1
 Stab: Sleeping          |     2 |       |       ||     2
  Eat: Chunk             |     4 |     7 |       ||    11
